 Zot Defence DCSS version 0.16-a0-1157-gec61f8e (webtiles) character file.

14 Kashira the Magician (level 2, 0/1 (15) HPs)
             Began as a Gargoyle Wizard on Oct 8, 2014.
             Rotted away (Twuink the adder skeleton)
             ... in the Realm of Zot (Scenario I: Hall of Zot).
             The game lasted 00:01:21 (243 turns).

Kashira the Magician (Gargoyle Wizard)               Turns: 243, Time: 00:01:22

HP:   0/1 (15)      AC:  4    Str: 10    XL:     2   Next: 41%
MP:   0/6           EV: 11    Int: 18    God:
Gold: 0             SH:  0    Dex:  8    Spells: 1 memorised, 7 levels left

rFire  . . .     SeeInvis .     (no weapon)
rCold  . . .     Clarity  .     a - +0 robe
rNeg   + . .     SustAb   .     (no shield)
rPois  +         Gourm    .     b - +0 hat
rElec  +         Spirit   .     (no cloak)
rCorr  .         Warding  .     (no gloves)
rMut   .         Stasis   .     (no boots)
MR     .....                    (no amulet)
Stlth  ++........               (no ring)
                                (no ring)

@: not resistant to hostile enchantments, unstealthy
A: negative energy resistance 1, electricity resistance, unbreathing,
petrification resistance, rot immunity, AC +2
a: Make oklob sapling


You were in the Realm of Zot.
You were not hungry.

You visited 1 branch

Inventory:

Hand weapons
 k - a +0 dagger
Armour
 a - a +0 robe (worn)
 b - a +0 hat (worn)
Comestibles
 f - a bread ration
Scrolls
 j - a scroll of blinking
Potions
 d - 3 potions of curing
 e - a potion of heal wounds
 g - a potion of haste
 h - 2 potions of magic
 i - a potion of berserk rage
Books
 c - a book of Minor Magic

   Spells                             Type                      Level
   *Magic Dart                        Conjuration                  1
   Blink                              Translocation                2
   Call Imp                           Summoning                    2
   Repel Missiles                     Charms/Air                   2
   Slow                               Hexes                        2
   Conjure Flame                      Conjuration/Fire             3
   Mephitic Cloud                     Conjuration/Poison/Air       3


   Skills:
 + Level 1.6 Dodging
 - Level 2.1 Stealth
 + Level 0.2 Unarmed Combat
 + Level 3.5 Spellcasting
 + Level 1.1 Conjurations
   Level 0.8 Summonings
   Level 0.8 Translocations


You had 7 spell levels left.
You knew the following spells:

 Your Spells              Type           Power        Failure   Level  Hunger
a - Magic Dart            Conj           #...         12%         1    None


Dungeon Overview and Level Annotations

Branches:
    Zot (1/1)

Altars:


Innate Abilities, Weirdness & Mutations

You are resistant to torment.
You are immune to poison.
Your stone body is very resilient (AC +2).
You resist negative energy.
You are resistant to electric shocks.
You can survive without breathing.
You are immune to petrification.
You are immune to rotting.


Message History

Twuink bites your oklob sapling.
Your flesh rots away as the Orb of Zot is desecrated.
Casting: Magic Dart
Confirm with . or Enter, or press ? or * to list all spells.
Aiming: Magic Dart
Press: ? - help, Shift-Dir - straight line, f - giant newt
Aim: a giant newt The magic dart hits the giant newt.
You kill the giant newt!
The rat bites you but does no damage.
Your flesh rots away as the Orb of Zot is desecrated. x2
Casting: Magic Dart
Confirm with . or Enter, or press ? or * to list all spells.
Aiming: Magic Dart
Press: ? - help, Shift-Dir - straight line, f - Twuink
Aim: Twuink the adder skeleton The magic dart hits Twuink.
Your flesh rots away as the Orb of Zot is desecrated. x5
Ouch! That really hurt!
You die...

▓▓▓▓▓▓▓ ▓▓▓▓▓▓▓▓▓ ...▓▓▓▓
▓▓▓▓..... ......▓▓▓ ▓▓▓........
........▓▓ ▓▓..........
.........▓ ▓▓▓▓▓▓▓▓▓ ▓...........
.........▓▓▓.......▓▓▓...........
.........▓▓.........▓▓...........
.........▓.....P.....▓...........
.........%....)Z@rl..............
........)▓...........▓...........
.........▓▓.........▓▓...........
.........▓▓▓.......▓▓▓..l........
.........# ▓▓▓▓▓▓▓▓▓ #...........
........## ##.......... ......###
###........ ...#### ####.....
######## ##########


You could see a giant newt, a rat, Twuink the adder skeleton and a friendly
oklob sapling.

Vanquished Creatures
  2 bats (Zot)
  A kobold (Zot)
  A giant cockroach (Zot)
  A giant newt (Zot)
5 creatures vanquished.

Vanquished Creatures (collateral kills)
  A kobold (Zot)
  A giant newt (Zot)
  A goblin (Zot)
3 creatures vanquished.

Grand Total: 8 creatures vanquished

Notes
Turn   | Place    | Note
--------------------------------------------------------------
     0 | Zot      | Kashira, the Gargoyle Wizard, began the quest for the Orb.
     0 | Zot      | Reached XP level 1. HP: 10/10 MP: 4/4
   216 | Zot      | Reached XP level 2. HP: 9/15 MP: 0/6
   243 | Zot      | Rotted away (Twuink the adder skeleton)

Action                   || total
-------------------------++-------
Melee: Unarmed           ||     9
 Cast: Magic Dart        ||    10
 Abil: Make oklob saplin ||     1
